 Dungeon Crawl Stone Soup version 0.30-a0-777-ga9a30cbeda (webtiles) character file.

Game seed: 2406653199039452685

53 mistaj the Shield-Bearer (level 3, -1/24 HPs)
             Began as a Gargoyle Fighter on Feb 13, 2023.
             Slain by Natasha (8 damage)
             ... on level 1 of the Dungeon.
             The game lasted 00:02:07 (721 turns).

mistaj the Shield-Bearer (Gargoyle Fighter)          Turns: 721, Time: 00:02:07

Health: -1/24      AC: 11    Str: 21    XL:     3   Next: 89%
Magic:  3/3        EV:  9    Int: 14    God:
Gold:   41         SH:  4    Dex:  9    Spells: 2/2 levels left

rFire   . . .      SeeInvis .    a - +0 war axe
rCold   . . .      Faith    .    c - +0 buckler
rNeg    + . .      Spirit   .    b - +0 scale mail
rPois   ∞          Reflect  .    (no helmet)
rElec   +          Harm     .    (no cloak)
rCorr   .          Rampage  .    i - +0 pair of gloves
Will    .....                    (no boots) Stlth
                                 (no amulet)
HPRegen 0.24/turn                e - +6 ring of intelligence
MPRegen 0.08/turn                (no ring)

@: slowed, very slow
A: sickness immunity, AC +3, negative energy resistance 1, electricity
resistance, torment resistance 1, petrification resistance
a: no special abilities


You were on level 1 of the Dungeon.
You visited 1 branch of the dungeon, and saw 2 of its levels.

You collected 41 gold pieces.

Inventory:

Hand Weapons
 a - a +0 war axe (weapon)
Armour
 b - a +0 scale mail (worn)
 c - a +0 buckler (worn)
 i - a +0 pair of gloves (worn)
Jewellery
 e - a +6 ring of intelligence (left hand)
Scrolls
 j - a scroll of butterflies {unknown}
 l - 2 scrolls of identify {unknown}
Potions
 d - 2 potions of might
 f - a potion of resistance {unknown}
 g - a potion of magic {unknown}
 h - a potion of cancellation {unknown}
 k - a potion of curing {unknown}


   Skills:
 + Level 4.0 Fighting
 + Level 2.5 Axes
 - Level 3.2 Armour
 + Level 4.0 Shields


You had 2 spell levels left.
You didn't know any spells.
Your spell library contained the following spells:

 Spells                   Type           Power      Damage    Failure   Level
 Beastly Appendage        Tmut           0%         N/A       71%         1
 Wereblood                Tmut           0%         N/A       83%         2
 Spider Form              Tmut/Pois      0%         N/A       97%         3
 Alistair's Intoxication  Tmut/Pois      0%         N/A       100%        5
 Borgnjor's Vile Clutch   Necr/Erth      0%         N/A       100%        5
 Eringya's Noxious Bog    Tmut/Pois      0%         N/A       100%        6


Dungeon Overview and Level Annotations

Branches:
Dungeon (2/15)

Altars:

Annotations:
D:1 Natasha


Innate Abilities, Weirdness & Mutations

You are immune to sickness and miasma.
Your stone body is resilient. (AC +3)
You are immune to poison.
You resist negative energy. (rN+)
You are resistant to electric shocks. (rElec)
You are resistant to unholy torment.
You are immune to petrification.


Message History

Natasha attacks as you move away! You block Natasha's attack.
Natasha mumbles some strange words.
Natasha shimmers violently.
Natasha stares at you and mumbles some strange words.
You feel yourself slow down. You block the adder's attack.
The adder attacks as you move away!
The adder bites you but does no damage. x2
The adder bites you but does no damage. Natasha claws you.
* * * LOW HITPOINT WARNING * * *
Natasha casts a spell.
The adder barely misses you. The adder attacks as you move away!
You block the adder's attack. The adder barely misses you.
There is a stone staircase leading up here.
The frilled lizard closely misses you. The adder bites you but does no damage.
Natasha casts a spell at you.
You feel as though you will be slow longer.
The frilled lizard bites you but does no damage.
The adder closely misses you. Natasha claws you but does no damage.
You climb upwards.
The white imp disappears in a puff of smoke!
There is a stone staircase leading down here.
You closely miss the adder.
The adder is severely wounded.
You barely miss Natasha. You hit the frilled lizard.
You kill the frilled lizard!
The adder closely misses you. Natasha barely misses you.
The adder barely misses you. Natasha closely misses you.
You barely miss the adder.
The adder is severely wounded.
You closely miss Natasha.
The adder bites you but does no damage. x2
Natasha claws you but does no damage. The adder bites you but does no damage.
Natasha claws you but does no damage.
You closely miss the adder.
The adder is severely wounded.
You completely miss Natasha. The adder bites you but does no damage.
The adder barely misses you.
Natasha casts a spell.
The adder bites you but does no damage. Natasha claws you!
You die...

###### #.##.##
#.....# #.##..#####
#.........#
###..#######
#####.....##..
######...##....##..
#h@S..÷...#....##(.
#.........#....##..
#..5......#.##.##..
#..................
#......####.##.####
#...........##.####
#.....#####.##.....
##########.........
#......##.........


You could see Natasha, an adder and a shadow imp (summoned).

Vanquished Creatures
  An adder (D:2)
  5 bats
  An endoplasm (D:2)
  A giant cockroach (D:2)
  2 goblins
  3 hobgoblins (D:1)
  12 jackals
  2 kobolds (D:1)
  2 quokkas (D:1)
  5 ball pythons
  5 frilled lizards
39 creatures vanquished.

Notes
Turn   | Place    | Note
-------+----------+-------------------------------------------
     0 | D:1      | mistaj the Gargoyle Fighter began the quest for the Orb.
     0 | D:1      | Reached XP level 1. HP: 14/14 MP: 1/1
   125 | D:1      | Reached XP level 2. HP: 19/19 MP: 2/2
   367 | D:1      | Reached XP level 3. HP: 19/24 MP: 3/3
   692 | D:2      | Noticed Natasha
   721 | D:1      | Slain by Natasha

Illustrated notes

Levels and vault maps discovered:
D:1:      elethiomel_arrival_quiet, layout_basic, minmay_tetromino_o4
D:2:      layout_rooms, basic_altar, kennysheep_jessica_study, uniq_natasha

Skill      XL: |  1  2  3 |
---------------+----------+-----
Axes           | 2 |  2.5
Shields        | 4 |  4.0
Fighting       | 4 |  4.0
Armour         | |  3.2

Action                     || total
---------------------------++-------
  Melee: War axe           ||   108
 Armour: Scale mail        ||    98
  Dodge: Dodged            ||   104
  Block: Buckler           ||    34

Table legend: (Time is in decaauts)
 A = Elapsed time spent in this place.
 B = Non-inter-level travel time spent in this place.
 C = Inter-level travel time spent in this place.
 D = Time resting spent in this place.
 E = Time spent auto-exploring this place.
 F = Levels seen in this place.
 G = Mean time per level.
                   A        B        C        D        E       F      G
               +--------+--------+--------+--------+--------+-----+--------+
         Total |    777 |    718 |     59 |     12 |    356 |   2 |  388.5 |
       Dungeon |    777 |    718 |     59 |     12 |    356 |   2 |  388.5 |
               +--------+--------+--------+--------+--------+-----+--------+

Top non-repeatable levels by time:
     D:1: 655 daAuts
     D:2: 121 daAuts
